 Dungeon Crawl Stone Soup version 0.24.0-37-gcf1ca852f1 (webtiles) character file.

Game seed: 6212484731807272916, levelgen mode: deterministic

8566 Iamsoldier the Basher (level 11, 0/129 HPs)
             Began as a Demonspawn Berserker on Nov 27, 2019.
             Was a High Priest of Trog.
             Succumbed to a red devil's poison
             ... on level 10 of the Dungeon.
             The game lasted 00:28:57 (9864 turns).

Iamsoldier the Basher (Demonspawn Berserker)        Turns: 9864, Time: 00:28:58

Health: 0/129      AC: 25    Str: 19    XL:     11   Next: 11%
Magic:  0/13       EV:  2    Int: 13    God:    Trog [*****.]
Gold:   389        SH: 14    Dex: 20    Spells: 10/10 levels left

rFire    . . .     SeeInvis .   a - -1 demon whip
rCold    . . .     Gourm    .   u - +0 large shield
rNeg     + + +     Faith    .   (armour currently unavailable)
rPois    +         Spirit   +   (helmet currently unavailable)
rElec    .         Reflect  .   (cloak currently unavailable)
rCorr    .         Harm     .   (gloves currently unavailable)
MR       .....     NoTele   +   (boots currently unavailable)
Stlth    +++.......             j - amulet of rage
HPRegen  0.31/turn              (no ring)
MPRegen  0.13/turn              (no ring)

@: brilliant, agile, lethally poisoned (0 -> -11), tree-form, weakened
A: ignite blood, negative energy resistance 1, magic shield, flame cloud
immunity
a: Berserk, Trog's Hand, Brothers in Arms, Renounce Religion, Evoke Berserk Rage


You were on level 10 of the Dungeon.
You worshipped Trog.
Trog was extremely pleased with you.
You were very hungry.
You were a tree.
You visited 1 branch of the dungeon, and saw 10 of its levels.

You collected 444 gold pieces.
You spent 55 gold pieces at shops.

Inventory:

Hand Weapons
 a - a -1 demon whip (weapon)
 b - a +2 dagger of draining
 n - a +0 mace
Armour
 l - a +0 chain mail (melded)
 m - a +1 helmet (melded)
 u - a +0 large shield (worn)
 z - a +0 pair of gloves (melded)
 A - a scarf of repulsion (melded)
 F - a +0 pair of boots of stealth (melded)
 G - a +0 troll leather armour
Jewellery
 j - an amulet of rage (around neck)
 o - an uncursed ring of protection from cold
 E - an uncursed amulet of regeneration {unknown}
Wands
 y - a wand of iceblast (5)
 D - a wand of random effects (18)
Scrolls
 f - 8 scrolls of identify
 g - a scroll of blinking
 h - a scroll of fear
 i - a scroll of teleportation
 k - 5 scrolls of amnesia
 w - a scroll of enchant armour
 B - a scroll of remove curse
Potions
 d - a potion of ambrosia
 q - a potion of berserk rage
 r - a potion of agility
 v - a potion of flight {unknown}
 x - a potion of haste
Comestibles
 c - 24 rations


   Skills:
 + Level 8.1 Fighting
 - Level 4.4 Short Blades
 * Level 8.8 Maces & Flails
 + Level 6.8 Armour
 + Level 6.8 Dodging
 - Level 0.4 Stealth
 + Level 3.3 Shields
 + Level 3.8 Evocations


You had 10 spell levels left.
You didn't know any spells.
Your spell library was empty.

Dungeon Overview and Level Annotations

Branches:
Dungeon (10/15)            Temple (0/1) D:7             Orc (0/2) D:9
   Lair: D:8-11

Altars:
Makhleb
Ru

Shops:
D:4 *   D:10 }


Innate Abilities, Weirdness & Mutations

((You are mostly covered in molten scales. (AC +3)))
((Your flesh is heat resistant. (rF+)))
Your demonic aura causes spilled blood to erupt in flames.
You resist negative energy. (rN+)
When hurt, damage is shared between your health and your magic reserves.
You are immune to clouds of flame.


Message History

You whack the orange demon!
The orange demon is lightly wounded.
You feel sick.
The red devil hits you from afar with a +0 trident.
* * * LOW HITPOINT WARNING * * *
You block the orange demon's attack.
The orange demon hits you but does no damage.
The red devil hits you from afar with a +0 demon trident of venom!
* * * LOW HITPOINT WARNING * * *
You closely miss the orange demon.
The orange demon is lightly wounded.
* * * LOW HITPOINT WARNING * * *
You feel sick.
The red devil hits you from afar with a +0 trident!
* * * LOW HITPOINT WARNING * * *
The orange demon stings you but does no damage.
The orange demon hits you but does no damage.
You cannot blink because you are held in place by your roots.
Your shield prevents you from hitting the two-headed ogre.
You die...

.....#.......# #......#
.....#.......#....#......#
.....#.......#....#......#
.....#.......#....#......#
....h†.......# ...#...)..#
...###.......###'##......###+#
...####'#.....)#4.##'#.....#.###
........#......#.....#.....#...#
........#.....4'♣O...#.....#...#
........+......#4)...#.....'...#
#########......####'##.....#...##
..)........ ........#...##
......................#.....
.......................#...(. .
.......................#..... ..
.......................#..... ...
........+.....


You could see a two-headed ogre, an orange demon and 2 red devils.

Vanquished Creatures
  A hydra (D:9)
  A two-headed ogre (D:5)
  A manticore (D:6)
  Maurice (D:8)
  2 orange demons (D:10)
  A troll (D:9)
  Grinder (D:6)
  2 dream sheep (D:9)
  2 hippogriffs
  Sigmund (D:4)
  2 yaks (D:9)
  A wraith (D:10)
  Menkaure (D:6)
  Duvessa (D:6)
  An orc warrior (D:8)
  3 ice beasts
  A sky beast (D:6)
  The ghost of Sassenached the Firebug, an amateur OgFE (D:4)
  2 black bears
  3 ogres
  2 phantoms
  2 centaurs
  A crocodile (D:9)
  4 big kobolds
  5 bullfrogs
  Dowan (D:6)
  2 killer bees (D:9)
  2 scorpions
  2 howler monkeys
  2 crimson imps
  A centaur zombie (D:6)
  A bullfrog zombie (D:10)
  A quasit (D:8)
  5 hounds
  5 jellies
  9 orc priests
  A bullfrog skeleton (D:8)
  8 orc wizards
  A centaur skeleton (D:8)
  Terence (D:2)
  2 iguanas
  9 worker ants
  Robin (D:4)
  7 gnolls
  A worker ant zombie (D:5)
  6 adders
  2 shadow imps
  2 oozes
  An adder zombie (D:5)
  An adder skeleton (D:4)
  A worm (D:6)
  4 dart slugs
  5 leopard geckos
  31 orcs
  5 ball pythons
  9 giant cockroaches
  12 goblins
  11 hobgoblins
  16 jackals
  2 quokkas
  4 bats
  3 frilled lizards
  A jackal zombie (D:7)
  10 kobolds
  A leopard gecko skeleton (D:5)
  8 rats
240 creatures vanquished.

Vanquished Creatures (collateral kills)
  4 killer bees (D:9)
4 creatures vanquished.

Vanquished Creatures (others)
  A goblin (D:4)
1 creature vanquished.

Grand Total: 245 creatures vanquished

Notes
Turn   | Place    | Note
-------+----------+-------------------------------------------
     0 | D:1      | Iamsoldier the Demonspawn Berserker began the quest for the
                  | Orb.
     0 | D:1      | Reached XP level 1. HP: 18/18 MP: 1/1
    86 | D:1      | Gained mutation: When hurt, damage is shared between your
                  | health and your magic reserves. [demonic ancestry]
    86 | D:1      | Reached XP level 2. HP: 24/24 MP: 2/2
   538 | D:1      | Reached XP level 3. HP: 28/29 MP: 3/3
   835 | D:2      | Noticed Terence
   847 | D:2      | Killed Terence
   856 | D:2      | Reached skill level 1 in Short Blades
  1199 | D:2      | Reached ** piety under Trog
  1345 | D:2      | Gained mutation: Your flesh is heat resistant. (rF+)
                  | [demonic ancestry]
  1345 | D:2      | Reached XP level 4. HP: 37/37 MP: 4/4
  2099 | D:3      | Gained mutation: You are partially covered in molten
                  | scales. (AC +2) [demonic ancestry]
  2099 | D:3      | Reached XP level 5. HP: 36/42 MP: 5/5
  2295 | D:4      | Noticed Sigmund
  2310 | D:4      | Killed Sigmund
  2310 | D:4      | Reached XP level 6. HP: 43/49 MP: 3/6
  2335 | D:4      | Found a burning altar of Makhleb.
  2385 | D:4      | Noticed Robin
  2408 | D:4      | Killed Robin
  2412 | D:4      | Reached *** piety under Trog
  2718 | D:4      | Gained mutation: You are immune to clouds of flame.
                  | [demonic ancestry]
  2718 | D:4      | Reached XP level 7. HP: 55/55 MP: 5/7
  2868 | D:4      | Found a runed translucent door.
  2868 | D:4      | Noticed Sassenached's ghost (amateur OgFE)
  2914 | D:4      | Killed Sassenached's ghost
  3103 | D:4      | Reached skill level 5 in Fighting
  3344 | D:4      | Found Jeselok's Lightly-Used Armoury.
  3352 | D:4      | Bought a -2 demon whip for 55 gold pieces
  3593 | D:5      | Entered Level 5 of the Dungeon
  3593 | D:5      | Found a sacrificial altar of Ru.
  3935 | D:5      | Gained mutation: You are mostly covered in molten scales.
                  | (AC +3) [demonic ancestry]
  3935 | D:5      | Reached XP level 8. HP: 62/62 MP: 6/8
  3961 | D:5      | Noticed a two-headed ogre
  3995 | D:5      | Killed a two-headed ogre
  3995 | D:5      | Reached skill level 5 in Maces & Flails
  4922 | D:6      | Noticed Grinder
  4953 | D:6      | Killed Grinder
  4953 | D:6      | Reached skill level 5 in Armour
  4953 | D:6      | Reached skill level 5 in Dodging
  4953 | D:6      | Gained mutation: Your demonic aura causes spilled blood to
                  | erupt in flames. [demonic ancestry]
  4953 | D:6      | Reached XP level 9. HP: 56/69 MP: 6/9
  5112 | D:6      | Noticed a manticore
  5133 | D:6      | Killed a manticore
  5200 | D:6      | Reached **** piety under Trog
  5317 | D:6      | Identified the Compendium of Feathery Moulding
  5500 | D:6      | Received a gift from Trog
  5587 | D:6      | Noticed Menkaure
  5599 | D:6      | Killed Menkaure
  5973 | D:6      | Noticed Dowan
  5994 | D:6      | Killed Dowan
  6000 | D:6      | Noticed Duvessa
  6018 | D:6      | Killed Duvessa
  6762 | D:7      | Found a staircase to the Ecumenical Temple.
  6782 | D:7      | Reached skill level 1 in Evocations
  7027 | D:7      | Gained mutation: You resist negative energy. (rN+) [demonic
                  | ancestry]
  7027 | D:7      | Reached XP level 10. HP: 79/79 MP: 10/10
  7122 | D:7      | Reached skill level 1 in Shields
  7243 | D:7      | Reached ***** piety under Trog
  7875 | D:8      | Noticed Maurice
  8035 | D:8      | Killed Maurice
  8576 | D:9      | Found a staircase to the Orcish Mines.
  9283 | D:9      | Noticed a two-headed hydra
  9292 | D:9      | Killed a two-headed hydra
  9420 | D:10     | Entered Level 10 of the Dungeon
  9581 | D:10     | Found Isuollom's Gadget Boutique.
  9618 | D:10     | Reached XP level 11. HP: 86/86 MP: 13/13
  9852 | D:10     | Noticed a two-headed ogre
  9863 | D:10     | HP: 2/129 [red devil/+0 trident (8)]
  9864 | D:10     | Succumbed to a red devil's poison

Levels and vault maps discovered:
D:1:      mainiacjoe_arrival_reflecting_pool, layout_loops_ring,
          minmay_tromino_i2
D:2:      layout_basic, roderic_lattice_a, hangedman_decor_clover_reticule,
          minmay_misc_feat_enclosed, uniq_terence
D:3:      layout_basic, first_ration
D:4:      cheibrodos_old_hovel, layout_gridville, kennysheep_mini,
          hellmonk_ghost_happy_afterlife, minmay_shop_damaged, uniq_robin,
          uniq_sigmund
D:5:      layout_cave_pools, basic_altar
D:6:      cheibrodos_fzero, layout_gridville, portal_sewer_entry_e,
          uniq_duvessa, uniq_menkaure, uniq_grinder
D:7:      layout_basic, minmay_temple_entry_gardened_gates
D:8:      layout_rooms, uniq_maurice
D:9:      layout_small_grid, orc_0_dummy, hangedman_ranch
          [blue_anna_fruit_fields]
D:10:     layout_gridville, serial_shops, shop, minmay_beelzebubs_servants

Skill      XL: |  1  2  3  4  5  6  7  8  9 10 |
---------------+-------------------------------+-----
Maces & Flails | 3 5 7 8 |  8.8
Armour         | 2 3 5 6 |  6.8
Dodging        | 2 3 5 6 |  6.8
Short Blades   | 1 2 3 4 |  4.4
Fighting       | 4 5 6 7 8 |  8.1
Evocations     | 1 3 |  3.8
Shields        | 3 |  3.3
Stealth        | |  0.4

Action                   |  1- 3 |  4- 6 |  7- 9 | 10-12 || total
-------------------------+-------+-------+-------+-------++-------
Melee: Mace              |    39 |       |       |       ||    39
       Dagger            |    29 |   178 |   514 |   167 ||   888
       Demon whip        |       |       |     7 |   165 ||   172
       Unarmed           |       |       |       |    15 ||    15
Invok: Berserk           |     3 |     4 |    10 |     7 ||    24
       Trog's Hand       |       |     2 |       |     1 ||     3
       Brothers in Arms  |       |       |       |     1 ||     1
  Use: Scroll            |       |       |    10 |     3 ||    13
       Potion            |       |       |       |    13 ||    13
  Eat: Chunk             |     4 |     8 |    25 |    15 ||    52
Armor: Animal skin       |    10 |       |       |       ||    10
       Chain mail        |     2 |   158 |   232 |   151 ||   543
       Skin              |       |       |       |    43 ||    43
Dodge: Dodged            |    30 |   101 |   165 |    81 ||   377
       Deflected         |       |       |     1 |     5 ||     6
Block: Large shield      |       |       |    42 |   274 ||   316
